 Dungeon Crawl Stone Soup version 0.17-a0-1996-gd2c0ec8 (webtiles) character file.

65 tp1 the Skirmisher (level 4, 0/42 HPs)
             Began as a Gargoyle Berserker on Oct 7, 2015.
             Was a Believer of Trog.
             Slain by a jackal (1 damage)
             ... on level 4 of the Dungeon.
             The game lasted 00:09:57 (1878 turns).

tp1 the Skirmisher (Gargoyle Berserker)             Turns: 1878, Time: 00:09:57

Health: 0/42       AC:  6    Str: 26    XL:     4   Next: 13%
Magic:  4/4        EV: 12    Int:  8    God:    Trog [**....]
Gold:   165        SH:  0    Dex:  9    Spells: 0 memorised, 3 levels left

rFire  . . .     SeeInvis .     a - +0 hand axe
rCold  . . .     Clarity  .     n - +0 leather armour
rNeg   + . .     SustAt   .     (no shield)
rPois  ∞         Gourm    .     (no helmet)
rElec  +         Spirit   .     (no cloak)
rCorr  .         Warding  .     (no gloves)
rMut   .         Rnd*Tele +     (no boots)
MR     ++...                    (no amulet)
Stlth  ..........               (no ring)
                                q - ring of teleportation (curse)

@: berserking, regenerating, very quick, very resistant to hostile enchantments,
extremely unstealthy
A: negative energy resistance 1, electricity resistance, unbreathing,
petrification resistance, rot immunity, AC +3
a: Burn Spellbooks, Berserk, Trog's Hand, Renounce Religion, Evoke Teleportation


You were on level 4 of the Dungeon.
You worshipped Trog.
Trog was pleased with you.
You were hungry.

You visited 1 branch of the dungeon, and saw 4 of its levels.

You collected 165 gold pieces.

Inventory:

Hand Weapons
 a - a +0 hand axe (weapon)
 e - a +0 hand axe
 h - a +0 mace
Armour
 b - a +0 animal skin
 n - a +0 leather armour (worn)
Jewellery
 q - a cursed ring of teleportation (left hand)
Scrolls
 f - a scroll of remove curse {unknown}
 g - 2 scrolls of teleportation {unknown}
 i - 6 scrolls of identify {unknown}
 k - 3 scrolls of fog {unknown}
 o - a scroll of enchant armour {unknown}
 t - a scroll of enchant weapon {unknown}
 u - a scroll of magic mapping {unknown}
Potions
 d - a potion of resistance {unknown}
 j - a potion of heal wounds {unknown}
 m - 2 potions of lignification {unknown}
 v - a potion of curing {unknown}
 w - a potion of poison {unknown}
Comestibles
 c - 2 bread rations
 l - 4 fruits
 p - a meat ration
 r - a beef jerky
 s - 3 chunks of flesh


   Skills:
 - Level 3.3 Fighting
 - Level 2.7(3.3) Axes
 + Level 3.1(3.7) Maces & Flails
 - Level 2.1 Armour
 - Level 2.0 Dodging


You had 3 spell levels left.
You didn't know any spells.

Dungeon Overview and Level Annotations

Branches:
Dungeon (4/15)
 Temple: D:4-7

Altars:


Innate Abilities, Weirdness & Mutations

You are resistant to torment.
Your stone body is resilient (AC +3).
You are immune to poison.
You resist negative energy.
You are resistant to electric shocks.
You can survive without breathing.
You are immune to petrification.
You are immune to rotting.


Message History

The orc wizard barely misses you. The orc hits you but does no damage.
The orc hits you but does no damage. x2
The jackal closely misses you.
You completely miss the orc wizard.
The orc wizard is moderately wounded.
You slash the orc!
You feel the power of Trog in you as your rage grows.
You kill the orc!
Trog accepts your kill.
You closely miss the orc.
The orc is severely wounded.
You hit the jackal.
The jackal is almost dead.
You hit the orc.
The orc is almost dead.
The orc wizard hits you but does no damage.
The orc hits you with a falchion.
* * * LOW HITPOINT WARNING * * *
The orc barely misses you. The jackal bites you.
You die...

######.####
###.....#......(..#
.......#.##.####.####
#......#. #.####..hh.
....... ...........
#.....# ##.####.....
#.h...####. ######
#hooZ.....! #@o......
#.h...... #........
########. ## ... +#.
#


You could see an orc wizard, 2 orcs, 3 jackals and a hound skeleton.

Vanquished Creatures
  A worker ant (D:4)
  4 orcs
  3 ball pythons
  7 bats
  A giant cockroach (D:3)
  3 goblins
  A hobgoblin (D:1)
  5 jackals
  A quokka (D:3)
  7 kobolds
  3 rats
36 creatures vanquished.

Notes
Turn   | Place    | Note
--------------------------------------------------------------
     0 | D:1      | tp1 the Gargoyle Berserker began the quest for the Orb.
     0 | D:1      | Reached XP level 1. HP: 14/14 MP: 1/1
   173 | D:1      | Reached XP level 2. HP: 17/19 MP: 2/2
   639 | D:1      | Reached skill level 1 in Maces & Flails
  1115 | D:3      | Reached XP level 3. HP: 12/23 MP: 3/3
  1231 | D:3      | Acquired Trog's second power
  1755 | D:4      | Reached XP level 4. HP: 7/28 MP: 4/4
  1878 | D:4      | HP: 1/42 [orc/falchion (5)]
  1878 | D:4      | Slain by a jackal

Vault maps used:
D:1:      lightli_arrival_noodles
D:2:      due_unseen_surprise
D:3:      serial_bayou_lagoon_a
D:4:      corexii_shack_village, first_bread

Action                   |  1- 3 |  4- 6 || total
-------------------------+-------+-------++-------
Melee: Hand axe          |    51 |    13 ||    64
       Mace              |    53 |       ||    53
Invok: Berserk           |       |     1 ||     1
       Trog's Hand       |       |     1 ||     1
  Eat: Chunk             |     2 |     1 ||     3
